 Dungeon Crawl Stone Soup version 0.26.1-11-gd32895ea62 (webtiles) character file.

Game seed: 100401061833999221

7095 Ijustatesigmund the Cleaver (level 11, 0/120 HPs)
             Began as an Octopode Fighter on July 1, 2021.
             Slain by a vampire (3 damage)
             ... on level 11 of the Dungeon.
             The game lasted 00:17:19 (11242 turns).

Ijustatesigmund the Cleaver (Octopode Fighter)     Turns: 11242, Time: 00:17:19

Health: 0/120      AC:  5    Str: 22    XL:     11   Next: 9%
Magic:  11/11      EV: 15    Int: 13    God:
Gold:   642        SH: 12    Dex: 12    Spells: 10/10 levels left

rFire    . . .     SeeInvis .   a - +2 war axe
rCold    + + .     Faith    .   b - +1 kite shield
rNeg     . . .     Spirit   .   (helmet restricted)
rPois    +         Reflect  .   m - amulet of regeneration
rElec    +         Harm     .   j - +6 ring of strength (curse)
rCorr    .         Rampage  .   p - +4 ring of protection
Will     +....                  u - ring of attention (curse)
Stlth    ..........             o - ring of protection from cold
HPRegen  0.70/turn              x - ring of poison resistance
MPRegen  0.12/turn              (no ring)
                                (no ring)
                                (no ring)

@: berserking, very quick
A: almost no armour, stealthy swim, amphibious, 8 rings, constrict 8, camouflage
1, cold resistance 1, strong-willed 1, mutation resistance 1, electricity
resistance, gelatinous body 1
a: no special abilities


You were on level 11 of the Dungeon.
You visited 1 branch of the dungeon, and saw 11 of its levels.
You also visited: Ossuary.

You collected 692 gold pieces.
You spent 50 gold pieces at shops.

Inventory:

Hand Weapons
 a - a +2 war axe (weapon)
Armour
 b - a +1 kite shield (worn)
Jewellery
 j - a cursed +6 ring of strength (left tentacle)
 m - an amulet of regeneration (around mantle)
 n - an uncursed amulet of reflection
 o - a ring of protection from cold (on tentacle)
 p - a +4 ring of protection (right tentacle)
 u - a cursed ring of attention (on tentacle)
 x - a ring of poison resistance (on tentacle)
Wands
 g - a wand of iceblast (5)
 A - a wand of random effects (16)
 C - a wand of disintegration (12)
 D - a wand of acid (14)
 E - a wand of polymorph (6)
Scrolls
 f - 4 scrolls of teleportation
 h - 2 scrolls of remove curse
 q - 2 scrolls of fog
 s - 3 scrolls of magic mapping
 w - 2 scrolls of blinking
 y - 8 scrolls of identify
Potions
 c - a potion of might
 d - 3 potions of brilliance
 e - 8 potions of curing
 i - 3 potions of lignification
 k - 4 potions of flight
 l - a potion of invisibility
 r - a potion of berserk rage
 t - a potion of ambrosia {unknown}
 v - a potion of haste {unknown}
 z - a potion of attraction {unknown}
 B - a potion of mutation


   Skills:
 + Level 9.0 Fighting
 + Level 9.0 Axes
 + Level 7.1 Dodging
 - Level 7.5 Stealth
 + Level 7.1 Shields
 - Level 5.0 Evocations


You had 10 spell levels left.
You didn't know any spells.
Your spell library contained the following spells:

 Spells                   Type           Power        Failure   Level
 Foxfire                  Conj/Fire      0%           63%         1
 Magic Dart               Conj           0%           63%         1
 Blink                    Tloc           N/A          77%         2
 Call Imp                 Summ           0%           77%         2
 Slow                     Hex            0%           77%         2
 Conjure Flame            Conj/Fire      0%           94%         3
 Inner Flame              Hex/Fire       0%           94%         3
 Mephitic Cloud           Conj/Pois/Air  0%           94%         3
 Sticky Flame             Conj/Fire      0%           100%        4
 Fireball                 Conj/Fire      0%           100%        5


Dungeon Overview and Level Annotations

Branches:
Dungeon (11/15)            Temple (0/1) D:6            Lair (0/6) D:8
Ossuary (visited)
    Orc: D:9-12

Altars:
The Shining One

Shops:
D:8 !   D:10 [

Annotations:
D:4 2 transporters
D:8 3 runed translucent doors, philipeq's ghost, novice DsFi
D:11 1 transporter, grovkorv's ghost, journeyman FoGl


Innate Abilities, Weirdness & Mutations

You cannot wear most types of armour.
You are very stealthy in the water. (Stealth+)
You are amphibious.
You can wear up to eight rings at the same time.
You can use your tentacles to constrict eight enemies at once.
Your skin changes colour to match your surroundings (Stealth+).
Your rubbery body absorbs attacks. (AC +1, EV +1)
Your flesh is cold resistant. (rC+)
You are strong-willed. (Will+)
You are somewhat resistant to further mutation.
You are resistant to electric shocks. (rElec)


Message History

Grovkorv's ghost shrieks, "You will never get the ORB!"
You slash something! You squeeze something! You block something's attack.
Something bites you!
Something draws strength from your injuries!
Unholy energy fills the air.
* * * LOW HITPOINT WARNING * * *
You hit something. Something hits you!
* * * LOW HITPOINT WARNING * * *
Something bites you.
* * * LOW HITPOINT WARNING * * *
Something draws strength from your injuries!
A red film seems to cover your vision as you go berserk!
You feel yourself moving faster!
You feel mighty! Something hits you.
* * * LOW HITPOINT WARNING * * *
Something bites you.
* * * LOW HITPOINT WARNING * * *
Something draws strength from your injuries!
You closely miss something. Your squeeze misses something.
Something barely misses you. Something bites you.
You die...

...... .....#
######.####.....#
.....#..........#
....#..........#
#.W#.......?..# .
#.W#...$......#
..##.W#..........#
©...Wy#...@{.....#
##.y#..........#
#.y#.########.#
.##.V#........#
......#.<......#
[(...©#.........
#######.........
©.......#+#####.
.....#...


You could see a phantom, a vampire, 2 wraiths, 3 vampire mosquitoes and
grovkorv's ghost.

Vanquished Creatures
  A two-headed ogre (D:9)
  Maurice (D:9)
  A hornet (D:8)
  Sigmund (D:3)
  A wraith (Ossuary)
  3 yaks (D:10)
  2 wyverns (D:10)
  Eustachio (D:6)
  The ghost of makewrite the Chopper, an amateur MiGl of Makhleb (D:5)
  2 sky beasts
  3 orc warriors
  An ice beast (D:6)
  A phantom (D:10)
  A necrophage (D:6)
  6 ogres
  8 centaurs
  2 big kobolds
  4 bullfrogs
  A scorpion (D:9)
  15 killer bees
  A howler monkey (D:8)
  A bullfrog zombie (D:9)
  7 hounds
  2 jellies
  7 orc wizards
  An orc priest (D:9)
  A bullfrog skeleton (D:6)
  2 centaur skeletons
  Jessica (D:2)
  4 iguanas
  6 worker ants
  A hound skeleton (D:6)
  4 mummies
  Robin (D:2)
  7 gnolls
  10 adders
  2 shadow imps
  3 white imps
  3 ufetubi
  2 adder zombies
  4 worms
  2 dart slugs
  4 leopard geckos
  38 orcs
  2 ball pythons (D:3)
  6 giant cockroaches
  14 goblins
  7 hobgoblins
  14 jackals
  17 kobolds
  4 quokkas
  8 bats
  8 frilled lizards
  A giant cockroach zombie (D:6)
  2 goblin zombies
  5 hobgoblin zombies (Ossuary)
  5 kobold zombies
  A quokka zombie (D:6)
  5 rats
269 creatures vanquished.

Vanquished Creatures (others)
  A sky beast (D:6)
  3 fungi (D:8)
  6 plants
10 creatures vanquished.

Grand Total: 279 creatures vanquished

Notes
Turn   | Place    | Note
-------+----------+-------------------------------------------
     0 | D:1      | Ijustatesigmund the Octopode Fighter began the quest for
                  | the Orb.
     0 | D:1      | Reached XP level 1. HP: 16/16 MP: 1/1
    96 | D:1      | Reached XP level 2. HP: 13/21 MP: 2/2
   788 | D:1      | Reached XP level 3. HP: 26/26 MP: 3/3
   916 | D:2      | Noticed Robin
   929 | D:2      | Killed Robin
  1121 | D:2      | Reached XP level 4. HP: 31/31 MP: 4/4
  1795 | D:2      | Noticed Jessica
  1806 | D:2      | Killed Jessica
  2293 | D:3      | Reached XP level 5. HP: 32/37 MP: 5/5
  2684 | D:3      | Reached skill level 1 in Stealth
  2793 | D:3      | Noticed Sigmund
  3172 | D:4      | Reached XP level 6. HP: 43/43 MP: 6/6
  3502 | D:4      | Found a transporter.
  3568 | D:4      | Found a transporter.
  3573 | D:4      | Noticed a fire bat
  3607 | D:5      | Entered Level 5 of the Dungeon
  4081 | D:5      | Found a runed translucent door.
  4082 | D:5      | Noticed makewrite's ghost (amateur MiGl)
  4567 | D:5      | Killed makewrite's ghost
  4568 | D:5      | Reached skill level 1 in Evocations
  4568 | D:5      | Reached XP level 7. HP: 30/49 MP: 7/7
  4986 | D:6      | Found a sand-covered staircase.
  4990 | D:6      | Reached skill level 5 in Fighting
  4990 | D:6      | Reached skill level 5 in Axes
  4992 | Ossuary  | Entered an ossuary
  4992 | Ossuary  | Noticed a wraith
  4992 | Ossuary  | Noticed a wraith
  4992 | Ossuary  | Noticed a wraith
  5295 | Ossuary  | Noticed a wraith
  5307 | Ossuary  | Killed a wraith
  5308 | Ossuary  | Reached skill level 5 in Stealth
  5308 | Ossuary  | Reached XP level 8. HP: 22/55 MP: 8/8
  5660 | D:6      | Gained mutation: Your magical capacity is low. (-10% MP)
                  | [potion of mutation]
  5660 | D:6      | Gained mutation: You have a pair of small antennae on your
                  | head. [potion of mutation]
  5661 | D:6      | Lost mutation: Your magical capacity is low. (-10% MP)
                  | [potion of mutation]
  5661 | D:6      | Lost mutation: You have a pair of small antennae on your
                  | head. [potion of mutation]
  5661 | D:6      | Gained mutation: Your flesh is cold resistant. (rC+)
                  | [potion of mutation]
  5661 | D:6      | Gained mutation: You are resistant to electric shocks.
                  | (rElec) [potion of mutation]
  5661 | D:6      | Gained mutation: You are strong-willed. (Will+) [potion of
                  | mutation]
  5661 | D:6      | Gained mutation: You are somewhat resistant to further
                  | mutation. [potion of mutation]
  5675 | D:6      | Found a staircase to the Ecumenical Temple.
  5683 | D:6      | Noticed Eustachio
  5708 | D:6      | Killed Eustachio
  6767 | D:7      | Reached XP level 9. HP: 63/63 MP: 9/9
  6902 | D:7      | Reached skill level 5 in Evocations
  7221 | D:8      | Found a runed translucent gate.
  7222 | D:8      | Found a runed translucent gate.
  7223 | D:8      | Found Watomy's Distillery.
  7223 | D:8      | Found a runed translucent gate.
  7373 | D:3      | Killed Sigmund
  8063 | D:8      | Found a staircase to the Lair.
  8280 | D:8      | Noticed a hornet
  8285 | D:8      | Killed a hornet
  8484 | D:8      | Reached skill level 5 in Dodging
  8532 | D:8      | Reached skill level 5 in Shields
  8589 | D:8      | Noticed philipeq's ghost (novice DsFi)
  8605 | D:8      | Bought a potion of berserk rage for 50 gold pieces
  8967 | D:9      | Reached XP level 10. HP: 70/71 MP: 10/10
  8999 | D:9      | Noticed Maurice
  9004 | D:9      | Killed Maurice
  9477 | D:9      | Noticed a two-headed ogre
  9485 | D:9      | Killed a two-headed ogre
  9619 | D:9      | Found a glowing golden altar of the Shining One.
 10012 | D:10     | Entered Level 10 of the Dungeon
 10559 | D:10     | Reached XP level 11. HP: 49/78 MP: 11/11
 10705 | D:10     | Found Noj Agam's Antique Armour Shoppe.
 11225 | D:11     | Found a transporter.
 11229 | D:11     | Noticed grovkorv's ghost (journeyman FoGl)
 11241 | D:11     | HP: 2/120 [something (6)]
 11242 | D:11     | Slain by a vampire

Illustrated notes

Levels and vault maps discovered:
D:1:      mrwooster_arrival_statue_3, layout_rooms
D:2:      kennysheep_big_flooded_room, layout_loops_corners, roderic_lattice_a,
          uniq_jessica, uniq_robin
D:3:      layout_basic, chequers_arboretum, uniq_sigmund
D:4:      gammafunk_cloud_chamber, layout_basic
D:5:      layout_cave_pools, gammafunk_ghost_grave
D:6:      layout_loops_ring, minmay_temple_entry_glassed_door,
          nicolae_ossuary_entry_giza, uniq_eustachio
D:7:      layout_cave_pools
D:8:      layout_basic, dpeg_oklobed_lair, serial_shops, nicolae_shop_crystal,
          gammafunk_ghost_spectres
D:9:      layout_loops_ring, nicolae_tso_carved_into_rock, serial_bayou_pond_a,
          uniq_maurice
D:10:     layout_irregular_city, serial_shops, shop
D:11:     layout_irregular_city, gammafunk_ghost_mausoleum, grunt_gozag_statues

Skill      XL: |  1  2  3  4  5  6  7  8  9 10 11 |
---------------+----------------------------------+-----
Axes           | 3 4 5 6 7 8 9 |  9.0
Stealth        | 2 4 5 7 |  7.5
Fighting       | 4 5 6 7 8 9 |  9.0
Evocations     | 1 2 4 5 |  5.0
Dodging        | 5 6 7 |  7.1
Shields        | 5 6 7 |  7.1

Action                   |  1- 3 |  4- 6 |  7- 9 | 10-12 || total
-------------------------+-------+-------+-------+-------++-------
Melee: War axe           |    59 |   129 |   196 |   147 ||   531
       Constrict         |    20 |    32 |    40 |    15 ||   107
       Tentacles         |    10 |    24 |    48 |    33 ||   115
Evoke: Wand              |       |       |     9 |    15 ||    24
  Use: Scroll            |       |     7 |    12 |     1 ||    20
       Potion            |       |     2 |     7 |     2 ||    11
 Stab: Sleeping          |     8 |    11 |    13 |     3 ||    35
       Invisible         |       |       |     3 |       ||     3
       Paralysed         |       |       |     8 |     8 ||    16
Armor: Skin              |     2 |    15 |     8 |    58 ||    83
Dodge: Dodged            |    27 |    50 |    84 |    71 ||   232
Block: Kite shield       |    25 |    57 |   108 |   110 ||   300
